 Dungeon Crawl Stone Soup version 0.27-a0-1149-g4505690ab0 (webtiles) character file.

Game seed: 1952914706557030526

658 Sweetruy1997 the Covered (level 7, -1/54 HPs)
             Began as a Formicid Fighter on May 12, 2021.
             Was an Initiate of Okawaru.
             Slain by an orc warrior
             ... wielding a +1 halberd of venom
              (11 damage)
             ... on level 4 of the Dungeon.
             The game lasted 00:14:49 (5241 turns).

Sweetruy1997 the Covered (Formicid Fighter)         Turns: 5241, Time: 00:14:49

Health: -1/54      AC: 12    Str: 26    XL:     7   Next: 85%
Magic:  7/7        EV:  7    Int:  8    God:    Okawaru [......]
Gold:   131        SH: 10    Dex: 12    Spells: 6/6 levels left

rFire    . . .     SeeInvis +   o - +2 flail (protect)
rCold    . . .     Faith    .   c - +0 kite shield
rNeg     . . .     Spirit   .   r - +1 chain mail {rPois}
rPois    +         Reflect  .   (helmet unavailable)
rElec    .         Harm     .   j - +0 cloak
rCorr    .         Rampage  .   (no gloves)
Will     .....                  (no boots)
Stlth    ..........             (no amulet)
HPRegen  0.18/turn              h - ring of wizardry
MPRegen  0.10/turn              g - +6 ring of strength

@: no status effects
A: permanent stasis, dig shafts and tunnels, antennae 3, four strong arms
a: Dig, Shaft Self, Renounce Religion


You were on level 4 of the Dungeon.
You worshipped Okawaru.
Okawaru was noncommittal.
You visited 1 branch of the dungeon, and saw 4 of its levels.

You collected 131 gold pieces.

Inventory:

Hand Weapons
 d - a +3 quarterstaff of chaos
 o - a +2 flail of protection (weapon)
Armour
 b - a +0 leather armour of fire resistance
 c - a +0 kite shield (worn)
 j - a +0 cloak (worn)
 r - a +1 chain mail of poison resistance (worn)
Jewellery
 g - a +6 ring of strength (right hand)
 h - a ring of wizardry (left hand)
Wands
 m - a wand of iceblast (6)
Scrolls
 p - a scroll of magic mapping
Potions
 i - 2 potions of curing {unknown}
 k - a potion of berserk rage {unknown}
 l - 2 potions of magic {unknown}
 n - a potion of invisibility {unknown}
 q - a potion of attraction {unknown}


   Skills:
 - Level 4.0 Fighting
 - Level 3.4(4.0) Axes
 + Level 2.8(4.2) Maces & Flails
 - Level 3.1(3.6) Staves
 + Level 5.4 Armour
 - Level 1.0 Dodging
 - Level 1.0 Stealth
 + Level 5.2 Shields


You had 6 spell levels left.
You didn't know any spells.
Your spell library contained the following spells:

 Spells                   Type           Power      Damage    Failure   Level
 Beastly Appendage        Tmut           0%         N/A       89%         1
 Pain                     Necr           0%         1d4       89%         1
 Summon Small Mammal      Summ           0%         N/A       89%         1
 Call Imp                 Summ           0%         N/A       96%         2
 Corpse Rot               Necr/Air       N/A        N/A       96%         2
 Sublimation of Blood     Necr           0%         N/A       96%         2
 Wereblood                Tmut           0%         N/A       96%         2
 Call Canine Familiar     Summ           0%         N/A       99%         3
 Spider Form              Tmut/Pois      0%         N/A       99%         3
 Summon Guardian Golem    Hex/Summ       0%         N/A       99%         3
 Vampiric Draining        Necr           0%         2d6       99%         3
 Ice Form                 Ice/Tmut       0%         N/A       100%        4
 Summon Ice Beast         Ice/Summ       0%         N/A       100%        4
 Summon Lightning Spire   Summ/Air       0%         N/A       100%        4
 Hydra Form               Tmut           0%         N/A       100%        5


Dungeon Overview and Level Annotations

Branches:
Dungeon (4/15)
 Temple: D:4-7

Altars:
Cheibriados
Fedhas
Kikubaaqudgha
Okawaru
Trog
Wu Jian
Zin

Shops:
D:2 [   D:3 :

Annotations:
D:4 1 transporter


Innate Abilities, Weirdness & Mutations

You cannot be hasted, slowed, berserked, paralysed or teleported.
You can dig through walls and to a lower floor.
You have a pair of large antennae on your head. (SInv)
Your four strong arms can wield two-handed weapons with a shield.


Message History

The bullfrog barely misses you.
The orc warrior hits you but does no damage.
You are more poisoned.
Okay, then.
You miss the bullfrog.
The bullfrog is moderately wounded.
You feel very sick. You block the bullfrog's attack.
The orc warrior hits you from afar with a +1 halberd of venom.
* * * LOW HITPOINT WARNING * * *
You block the bullfrog's attack.
You barely miss the bullfrog.
The bullfrog is moderately wounded.
You feel sick. You block the bullfrog's attack.
The orc warrior hits you from afar with a +1 halberd of venom.
* * * LOW HITPOINT WARNING * * *
You block the bullfrog's attack.
You feel much better.
You feel sick. You block the orc warrior's attack.
You block the bullfrog's attack.
You closely miss the bullfrog.
The bullfrog is moderately wounded.
You feel sick. You block the bullfrog's attack.
The orc warrior barely misses you.
The bullfrog hits you but does no damage.
You block the orc warrior's attack.
You closely miss the bullfrog.
The bullfrog is lightly wounded.
You feel sick.
The bullfrog hits you but does no damage. x2
The orc warrior hits you from afar with a +1 halberd of venom.
You closely miss the bullfrog.
The bullfrog is lightly wounded.
You feel sick.
You are no longer poisoned.
The bullfrog hits you but does no damage.
The orc warrior hits you from afar with a +1 halberd of venom!!
* * * LOW HITPOINT WARNING * * *
The bullfrog hits you but does no damage.
The orc warrior hits you from afar with a +1 halberd of venom!
You die...

...[#####...........### ##.......
##....####............###[.......
#[###....#.......................
..# ####......(.<................
..# #......(.....##...........
).# ##.........................
..# #.....#########............
.## ##....##.......##...........
.# #.....#8.##@##.8#.#.........
.# #.....#..##F##[$#.##..######
## #.....#...oDK.?.#..#..# #
##....©#..©....$_#©....# ##
#......#.......=!#.....#
.####....#.#..##.##$$#.##..#
.......#.#.#8.##.##.8#.##..#
.........#.##...©..h##.##..#
..≈≈≈≈...#..#########..##..#


You could see an orc warrior, an acid dragon, a bullfrog and a kobold.

Vanquished Creatures
  Duvessa (D:4)
  An ogre (D:4)
  A phantom (D:4)
  Dowan (D:4)
  A water moccasin skeleton (D:4)
  A howler monkey (D:4)
  Crazy Yiuf (D:2)
  A jelly (D:4)
  Ijyb (D:3)
  An orc wizard (D:4)
  A hound skeleton (D:4)
  Robin (D:2)
  2 adders (D:4)
  2 worms (D:2)
  2 dart slugs (D:1)
  12 orcs
  6 endoplasms
  15 goblins
  6 hobgoblins
  7 jackals
  2 quokkas
  6 ball pythons
  6 bats
  3 frilled lizards
  4 kobolds
  6 rats
91 creatures vanquished.

Notes
Turn   | Place    | Note
-------+----------+-------------------------------------------
     0 | D:1      | Sweetruy1997 the Formicid Fighter began the quest for the
                  | Orb.
     0 | D:1      | Reached XP level 1. HP: 18/18 MP: 1/1
   176 | D:1      | Reached XP level 2. HP: 24/24 MP: 2/2
   850 | D:1      | Reached XP level 3. HP: 29/29 MP: 3/3
  1259 | D:2      | Found Qani's Antique Armour Emporium.
  1532 | D:2      | Noticed Robin
  1823 | D:2      | Killed Robin
  1824 | D:2      | Reached XP level 4. HP: 7/37 MP: 4/4
  2436 | D:2      | Found an ornate altar of the Wu Jian Council.
  2661 | D:2      | Found a runed translucent door.
  2662 | D:2      | Noticed Crazy Yiuf
  2670 | D:2      | Killed Crazy Yiuf
  2671 | D:2      | Reached XP level 5. HP: 33/42 MP: 5/5
  2900 | D:3      | Found Zeaxucku's Book Shop.
  3081 | D:3      | Found a glowing silver altar of Zin.
  3088 | D:3      | Found a blossoming altar of Fedhas.
  3088 | D:3      | Found an ancient bone altar of Kikubaaqudgha.
  3158 | D:3      | Found a faded altar of an unknown god.
  3235 | D:3      | Noticed Ijyb
  3243 | D:3      | Killed Ijyb
  3593 | D:3      | Became a worshipper of Kikubaaqudgha
  3593 | D:3      | Reached * piety under Kikubaaqudgha
  3593 | D:3      | Identified Kikubaaqudgha's Handbook of Unholy Magic
                  | (Kikubaaqudgha gifted it to you on level 3 of the Dungeon)
  3593 | D:3      | Received a gift from Kikubaaqudgha
  3682 | D:4      | Reached skill level 1 in Dodging
  3857 | D:4      | Reached skill level 1 in Staves
  3880 | D:4      | Found an iron altar of Okawaru.
  3903 | D:4      | Reached XP level 6. HP: 45/48 MP: 6/6
  4021 | D:4      | Noticed an acid dragon
  4022 | D:4      | Found a snail-covered altar of Cheibriados.
  4033 | D:4      | Found a transporter.
  4041 | D:4      | Noticed an ogre
  4046 | D:4      | Killed an ogre
  4419 | D:4      | Reached skill level 1 in Stealth
  4431 | D:4      | Reached ** piety under Kikubaaqudgha
  4432 | D:4      | Reached skill level 1 in Maces & Flails
  4432 | D:4      | Reached XP level 7. HP: 47/54 MP: 7/7
  4495 | D:4      | Reached skill level 5 in Armour
  4495 | D:4      | Reached skill level 5 in Shields
  4564 | D:4      | Found a bloodstained altar of Trog.
  4789 | D:4      | Noticed Dowan
  4790 | D:4      | Noticed Duvessa
  4800 | D:4      | Killed Duvessa
  4819 | D:4      | Killed Dowan
  5060 | D:4      | Found a transporter.
  5177 | D:4      | Fell from the grace of Kikubaaqudgha
  5177 | D:4      | Became a worshipper of Warmaster Okawaru
  5241 | D:4      | Slain by an orc warrior

Illustrated notes

Levels and vault maps discovered:
D:1:      elethiomel_arrival_diamonds, layout_loops_corners
D:2:      layout_loops_corners, basic_altar, serial_shops, shop,
          uniq_crazy_yiuf_cottage, uniq_robin
D:3:      layout_rooms, minitemple, serial_shops, nicolae_shop_trees,
          shapermc_ecumenical_altar_notcrosses, uniq_ijyb
D:4:      layout_cave_pods, kennysheep_mini, pf_just_have_faith,
          gammafunk_temple_overflow_arena, serial_park_tiny_pond, st_stairs_8,
          uniq_duvessa

Skill      XL: |  1  2  3  4  5  6  7 |
---------------+----------------------+-----
Axes           | 3 |  3.4
Armour         | 4 5 |  5.4
Shields        | 4 5 |  5.2
Fighting       | 4 |  4.0
Dodging        | 1 |  1.0
Staves         | 1 2 3 |  3.1
Stealth        | 1 |  1.0
Maces & Flails | 1 2 |  2.8

Action                   |  1- 3 |  4- 6 |  7- 9 || total
-------------------------+-------+-------+-------++-------
Melee: War axe           |   103 |    27 |       ||   130
       Quarterstaff      |       |   100 |       ||   100
       Flail             |       |    20 |    36 ||    56
  Use: Scroll            |     1 |     1 |     4 ||     6
       Potion            |       |     1 |     2 ||     3
 Stab: Invisible         |       |     1 |       ||     1
Armor: Scale mail        |    48 |   100 |     9 ||   157
       Chain mail        |       |       |    10 ||    10
Dodge: Dodged            |    33 |    63 |    14 ||   110
Block: Kite shield       |    49 |    98 |    31 ||   178

Table legend: (Time is in decaauts)
 A = Elapsed time spent in this place.
 B = Non-inter-level travel time spent in this place.
 C = Inter-level travel time spent in this place.
 D = Time resting spent in this place.
 E = Time spent auto-exploring this place.
 F = Levels seen in this place.
 G = Mean time per level.
                   A        B        C        D        E       F      G
               +--------+--------+--------+--------+--------+-----+--------+
         Total |   5374 |   5049 |    325 |   1411 |   2891 |   4 | 1343.5 |
       Dungeon |   5374 |   5049 |    325 |   1411 |   2891 |   4 | 1343.5 |
               +--------+--------+--------+--------+--------+-----+--------+

Top non-repeatable levels by time:
     D:4: 1640 daAuts
     D:2: 1500 daAuts
     D:1: 1149 daAuts
     D:3: 1083 daAuts
